Map: Ulrena

Players

Cham

  • Race: Zerg Zerg
  • League: Grandmaster

CMStormPolt (Polt) - Winner!

  • Race: Terran Terran
  • League: Grandmaster

VOD

Have the link to the VOD?

Description

Time

  • Played on: Feb. 10, 2016, 10:16 p.m.
  • Length: 17:14
Show
View Real Time Build Order
Export as new Build Order

Cham Zerg 

Build Orders: Hatch First 

Get SALT Encoding   

  12  0:02  Drone  
  13  0:09  Drone  
  14  0:17  Overlord  
  14  0:36  Drone x3  
  17  0:53  Hatchery  
  17  0:56  Drone  
  17  1:00  Drone  
  18  1:14  Spawning Pool  
  18  1:16  Drone  
  18  1:20  Drone  
  19  1:31  Drone  
  20  1:42  Drone  
  20  1:46  Hatchery  
  20  2:00  Zergling x2  
  21  2:02  Zergling x2  
  21  2:04  Queen  
  24  2:10  Queen  
  24  2:13  Drone  
  27  2:19  Overlord  
  27  2:29  Drone  
  27  2:38  Drone x2  
  27  2:41  Drone  
  29  2:46  Queen, Extractor  
  30  2:53  Drone x3  
  34  3:00  Drone x2  
  34  3:01  Drone  
  34  3:03  Extractor  
  34  3:04  Extractor  
  35  3:07  Roach Warren  
  35  3:10  Overlord  
  34  3:13  Drone  
  34  3:16  Drone  
  34  3:18  Drone  
  37  3:21  Drone  
  38  3:30  Drone x2, Extractor  
  38  3:33  Overlord  
  39  3:35  Drone  
  39  3:41  Overlord  
  40  3:44  Drone x2  
  42  3:53  Roach x3  
  48  4:03  Roach x3  
  48  4:05  Drone x2  
  48  4:07  Drone  
  57  4:10  Overlord  
  57  4:12  Drone  
  57  4:15  Drone  
  57  4:16  Ravager  
  61  4:17  Ravager  
  61  4:19  Drone  
  61  4:20  Drone  
  63  4:27  Ravager  
  63  4:29  Drone x4  
  68  4:33  Queen  
  70  4:39  Drone x2  
  70  4:40  Drone  
  73  4:46  Drone  
  73  4:47  Overlord  
  74  4:56  Overlord  
  74  4:57  Lair  
  74  5:00  Evolution Chamber  
  74  5:01  Evolution Chamber  
  74  5:04  Drone x2  
  74  5:06  Extractor  
  73  5:08  Overlord  
  73  5:09  Overlord  
  73  5:13  Drone  
  74  5:14  Drone x2  
  74  5:15  Drone x3  
  74  5:16  Drone  
  80  5:21  Drone x2  
  80  5:28  Drone x3  
  85  5:32  Zerg Missile Weapons Level 1, Zerg Ground Armor Level 1  
  85  5:34  Drone x3  
  88  5:36  Drone  
  88  5:42  Overlord x2  
  89  5:45  Drone  
  89  5:48  Extractor  
  89  5:49  Extractor  
  88  5:50  Overlord  
  88  5:51  Overlord  
  88  5:52  Overlord  
  88  6:03  Roach x3  
  94  6:05  Roach x2  
  94  6:07  Overlord  
  94  6:11  Drone x2  
  100  6:12  Ravager  
  100  6:13  Ravager  
  100  6:14  Overlord  
  100  6:16  Overlord  
  100  6:19  Roach  
  101  6:30  Drone, Overlord  
  101  6:31  Overlord  
  101  6:32  Roach x4  
  110  6:44  Hatchery  
  110  6:46  Roach  
  110  6:47  Roach x4  
  117  6:49  Overlord x2  
  117  6:50  Roach  
  121  6:54  Overlord x2  
  121  6:57  Overlord  
  121  6:59  Roach x2  
  127  7:01  Roach  
  127  7:07  Roach x2  
  131  7:09  Overlord x2  
  131  7:14  Roach x2  
  135  7:16  Glial Reconstitution  
  135  7:19  Overlord  
  135  7:24  Drone  
  135  7:25  Infestation Pit  
  135  7:27  Zerg Missile Weapons Level 2, Zerg Ground Armor Level 2  
  135  7:31  Drone x2  
  135  7:32  Drone x2  
  135  7:34  Drone x2  
  135  7:35  Drone x2  
  135  7:36  Drone  
  144  7:38  Drone  
  142  7:45  Roach x3  
  142  7:46  Ravager x5  
  142  7:47  Ravager x2  
  142  7:49  Overlord  
  155  7:51  Overlord  
  155  7:55  Roach  
  155  7:58  Roach x2  
  161  8:03  Roach  
  161  8:04  Roach x2  
  167  8:07  Roach x2  
  167  8:10  Extractor  
  167  8:11  Extractor  
  169  8:14  Hive  
  169  8:15  Roach x2  
  173  8:21  Roach x3  
  173  8:24  Overlord  
  173  8:25  Overseer  
  173  8:26  Roach x2  
  183  8:30  Roach x2  
  183  8:31  Roach  
  183  8:32  Queen  
  188  8:35  Drone x2  
  188  8:40  Overseer x2  
  189  8:43  Drone x2  
  189  8:46  Drone  
  189  8:47  Drone x3  
  178  8:56  Drone x4  
  178  8:57  Drone x5  
  181  9:05  Drone x4  
  181  9:06  Queen, Drone  
  181  9:10  Queen  
  181  9:15  Roach x3  
  182  9:18  Overlord  
  180  9:25  Drone, Spore Crawler  
  180  9:26  Drone x2, Spore Crawler  
  180  9:31  Viper x3  
  178  9:33  Roach  
  178  9:36  Queen  
  191  9:42  Drone, Spore Crawler  
  191  9:44  Drone  
  192  9:46  Spore Crawler  
  192  9:48  Drone  
  192  9:49  Drone  
  192  9:51  Drone, Spore Crawler  
  192  9:52  Roach x2, Spore Crawler  
  196  9:55  Roach  
  196  9:56  Overseer  
  198  10:06  Zerg Missile Weapons Level 3, Zerg Ground Armor Level 3  
  198  10:12  Overlord x2  
  199  10:15  Spore Crawler  
  141  10:29  Roach x10  
  145  10:35  Roach  
  145  10:36  Roach x2  
  145  10:38  Roach  
  151  10:52  Ravager x6  
  157  11:00  Roach x5  
  157  11:02  Hatchery  
  155  11:04  Roach x2  
  155  11:08  Roach  
  161  11:11  Roach x2  
  161  11:14  Ravager  
  161  11:15  Ravager x2  
  161  11:16  Roach, Ravager  
  171  11:22  Roach x3  
  177  11:33  Extractor  
  177  11:34  Overlord x2  
  126  11:54  Roach x3  
  126  11:55  Roach x9  
  126  11:56  Roach  
  150  12:03  Roach x2  
  151  12:10  Roach x4  
  151  12:13  Roach x2  
  152  12:18  Roach  
  152  12:19  Ravager  
  152  12:20  Ravager x3  
  158  12:25  Roach  
  158  12:26  Roach x2  
  162  12:30  Roach x2  
  162  12:35  Roach x2  
  170  12:40  Roach x3  
  170  12:43  Roach x2  
  162  12:56  Viper x3  
  155  12:59  Roach  
  155  13:00  Roach x3  
  155  13:03  Roach  
  155  13:04  Roach x2  
  169  13:08  Roach  
  169  13:09  Roach  
  173  13:17  Roach x3  
  173  13:18  Roach x2  
  183  13:21  Roach x2  
  183  13:23  Roach  
  189  13:34  Roach x2  
  183  13:44  Overlord x4  
  180  13:52  Overlord x2  
  172  13:57  Overlord x2  
  172  14:00  Overlord  
  172  14:02  Extractor  
  167  14:03  Drone  
  167  14:04  Drone x2  
  167  14:05  Roach x3  
  167  14:07  Ravager x3  
  179  14:14  Drone x3  
  181  14:27  Roach x2  
  181  14:28  Roach x4  
  193  14:36  Roach x3  
  199  14:48  Roach  
  199  14:59  Ravager  
  200  15:02  Extractor  
  200  15:07  Hatchery  
  198  15:11  Hatchery  
  199  15:17  Hatchery  
  197  15:28  Hatchery  
  194  15:51  Overlord  
  194  15:52  Overlord x3  
  182  16:00  Drone x3  
  182  16:02  Drone x3  
  175  16:14  Roach, Hatchery  
  178  16:18  Roach x2  
  178  16:19  Roach  
  116  16:43  Roach  
  116  16:44  Roach  
Show
View Real Time Build Order
Export as new Build Order

CMStormPolt Terran - Winner!

Build Orders: Reaper Expand, Bio Tank 

Get SALT Encoding   

  12  0:00  SCV  
  13  0:12  SCV  
  14  0:17  Supply Depot  
  14  0:25  SCV  
  15  0:39  SCV  
  15  0:40  Barracks  
  16  0:44  Refinery  
  16  0:51  SCV  
  17  1:03  SCV  
  18  1:15  SCV  
  19  1:27  Orbital Command  
  19  1:28  Reaper  
  20  1:40  Command Center  
  20  1:53  Supply Depot, SCV  
  21  2:01  Marine  
  21  2:05  SCV  
  21  2:07  Factory  
  23  2:15  Refinery  
  23  2:17  SCV  
  24  2:23  Barracks Reactor  
  24  2:29  SCV  
  25  2:41  SCV  
  26  2:53  SCV  
  26  2:54  Orbital Command  
  27  2:58  Starport  
  27  3:00  Marine x2  
  27  3:01  Factory Tech Lab  
  29  3:05  SCV  
  29  3:10  Bunker  
  30  3:18  SCV  
  31  3:20  Marine x2  
  31  3:23  SCV  
  31  3:26  Siege Tank  
  37  3:30  SCV  
  37  3:32  Supply Depot  
  38  3:35  SCV  
  38  3:38  Medivac  
  41  3:42  Marine x2, SCV  
  41  3:48  SCV  
  45  3:54  SCV  
  46  3:57  Supply Depot  
  46  4:00  SCV  
  47  4:06  SCV  
  47  4:09  Barracks  
  48  4:10  Barracks  
  48  4:12  SCV  
  48  4:15  Marine  
  50  4:17  Stimpack  
  50  4:18  SCV  
  50  4:19  Viking  
  50  4:23  Supply Depot  
  53  4:24  SCV  
  53  4:25  Factory Reactor  
  53  4:30  SCV  
  55  4:36  SCV  
  56  4:41  Command Center  
  56  4:45  SCV  
  57  4:46  Marine  
  57  4:48  SCV  
  59  4:55  Starport Reactor  
  59  5:02  SCV x2  
  59  5:03  Marine x2  
  59  5:06  Marine  
  64  5:11  Supply Depot, Refinery, Factory Tech Lab  
  64  5:12  Refinery, Marine x2  
  66  5:14  SCV x2  
  66  5:19  Engineering Bay  
  68  5:21  Engineering Bay  
  68  5:26  SCV x2  
  70  5:33  Marine x5  
  70  5:34  Siege Tank  
  78  5:40  Supply Depot  
  78  5:43  Starport Reactor  
  78  5:47  Barracks x2  
  78  5:52  Terran Infantry Armor Level 1, Terran Infantry Weapons Level 1  
  78  5:56  Orbital Command  
  78  5:59  SCV x2  
  80  6:10  Siege Tank  
  80  6:11  SCV x2  
  85  6:13  Marine x5  
  90  6:22  Combat Shields  
  90  6:23  SCV x2  
  92  6:27  Orbital Command  
  92  6:34  Barracks Reactor  
  92  6:35  SCV x2  
  92  6:37  Marine x4  
  92  6:38  Marine x2, Missile Turret  
  99  6:41  Marine  
  99  6:46  Armory  
  100  6:51  SCV  
  101  6:58  Supply Depot  
  101  6:59  Supply Depot x2  
  101  7:18  Refinery, Factory  
  101  7:20  Marine x6, Medivac x2, SCV x2, Siege Tank  
  101  7:21  Marauder, SCV  
  119  7:25  Supply Depot  
  119  7:26  Supply Depot  
  119  7:27  Supply Depot  
  119  7:29  Missile Turret  
  119  7:33  SCV x3  
  119  7:34  Supply Depot  
  122  7:37  Terran Vehicle Weapons Level 1  
  120  7:51  Marine x2  
  120  7:52  Marine x7, Siege Tank  
  120  7:54  Terran Infantry Weapons Level 2  
  132  7:59  Refinery  
  132  8:00  SCV  
  132  8:01  Factory Tech Lab, SCV  
  132  8:04  Terran Infantry Armor Level 2  
  134  8:06  Medivac  
  134  8:09  Medivac  
  138  8:14  Supply Depot x2  
  138  8:15  Supply Depot  
  138  8:19  Marine x9  
  147  8:28  Siege Tank  
  147  8:29  Siege Tank  
  152  8:42  Marine x8  
  152  8:43  Marine  
  152  8:47  Medivac x2  
  162  9:00  Marine x9  
  162  9:01  Siege Tank x2  
  174  9:07  Command Center  
  164  9:18  Marine x9  
  173  9:30  Medivac x2  
  176  9:36  Terran Vehicle Weapons Level 2  
  176  9:45  Marine x5  
  181  9:56  Barracks x2  
  181  9:57  Marine, Siege Tank x2  
  181  9:59  Barracks  
  189  10:06  Marine  
  189  10:07  Concussive Shells  
  189  10:15  Marine x2  
  189  10:16  Marine  
  189  10:17  Marine x4  
  139  10:30  Siege Tank x2  
  139  10:31  Medivac x2  
  139  10:33  Marine  
  139  10:35  Marine x6  
  135  10:36  Marine  
  135  10:40  Marauder  
  142  10:44  Liberator x2  
  142  10:48  Command Center  
  142  10:49  Barracks Tech Lab x3  
  142  10:55  Terran Infantry Weapons Level 3  
  140  11:04  Terran Infantry Armor Level 3  
  140  11:09  Marine x4  
  140  11:10  Marine x6, Marauder  
  152  11:11  Marine  
  153  11:26  Siege Tank x2  
  159  11:34  Planetary Fortress  
  158  11:44  Refinery  
  158  11:46  Marauder  
  142  11:47  Refinery  
  142  11:48  Marine x9  
  142  11:49  Marine, Command Center  
  135  11:58  Siege Tank x2  
  139  12:02  Terran Vehicle Weapons Level 3  
  139  12:08  Marine x3, Marauder  
  140  12:20  Marine x7  
  140  12:21  Marine  
  148  12:29  Orbital Command  
  147  12:45  Marine x11, Marauder  
  147  12:46  Liberator  
  147  12:48  Liberator  
  145  12:53  Siege Tank  
  145  12:56  Siege Tank  
  145  13:13  Planetary Fortress  
  145  13:22  Command Center  
  145  13:26  Marauder  
  147  13:27  Marine x8  
  147  13:28  Marine x3  
  158  13:35  Siege Tank x2  
  163  13:43  Liberator x2  
  163  13:47  Marine x4  
  163  13:48  Marine x7, Marauder  
  176  14:21  Marine x10, Marauder  
  176  14:22  Marine  
  189  14:24  Ghost Academy  
  189  14:27  Thor x2  
  195  14:36  Building Armor, Hi-Sec Auto Tracking  
  179  14:53  Terran Vehicle And Ship Armor Level 1  
  179  14:55  Missile Turret  
  179  14:56  Planetary Fortress  
  179  15:00  Medivac x2  
  183  15:08  Ghost x4  
  191  15:14  Thor  
  190  15:44  Medivac x2  
  177  15:54  Ghost x4  
  177  15:55  Marine x8  
  174  16:06  Thor x2  
  174  16:11  Refinery x2  
  172  16:30  Command Center  
  143  16:41  Marine x2, Marauder x2  
  143  16:42  Marine x6, Marauder x2  
Tags
 
Add a new tag
Caveats
  • Supply blocks, unpowered buildings, or Contaminate may cause inaccurate times.
  • Supply counts are checked every 10 seconds.